PBL
HOUSTON COLT .45'S @ TIJUANA TOROS
09/16/2045
 
TOP OF THE 1ST
Houston Colt .45's batting - Pitching for Tijuana Toros : LHP Randy Dupuis
Pitching: LHP Randy Dupuis
Batting: RHB Xavier Castaneda 0-0: Ball
1-0: Foul Ball, location: 2F
1-1: Foul Ball, location: 2F
1-2: Ball
2-2: SINGLE (Groundball, 4MD, EV 104.4 MPH)
Batting: RHB Drew Coleman 0-0: Foul Ball, location: 2F
0-1: SINGLE (Line Drive, 78M, EV 108.1 MPH)
Xavier Castaneda to second
Batting: RHB Nick Deegan 0-0: Fly out, F4 (Flyball, 4MD, EV 86.2 MPH)
Batting: LHB Josh Corkery 0-0: Ball
1-0: Fielders Choice at 2nd, 3-6 (Groundball, 34, EV 81.9 MPH)
Xavier Castaneda to third
Batting: LHB Jackson Trottier 0-0: Called Strike
0-1: Ground out U3 (Groundball, 34S, EV 90.6 MPH)
Top of the 1st over - 0 runs, 2 hits, 0 errors, 2 left on base; Houston 0 - Tijuana 0
BOTTOM OF THE 1ST
Tijuana Toros batting - Pitching for Houston Colt .45's : RHP Jaquan Alston
Pitching: RHP Jaquan Alston
Batting: SHB Dave Reynoso 0-0: SINGLE (Groundball, 56S, EV 65.6 MPH) (infield hit)
Batting: LHB Jay Fenderson 0-0: Called Strike
0-1: Ball
1-1: SINGLE (Line Drive, 3D, EV 101.2 MPH)
Dave Reynoso to second
Batting: LHB Cory Bowler 0-0: Ball
1-0: Called Strike
1-1: Ball
2-1: Foul Ball, location: 2F
2-2: Foul Ball, location: 2F
2-2: Ball
3-2: Foul Ball, location: 2F
3-2: SINGLE (Line Drive, 7LS, EV 101.2 MPH)
Dave Reynoso to third
Jay Fenderson to second
Runner from 3rd tries for Home, SAFE, throw by LF to home
Batting: LHB Fernão Manta 0-0: Called Strike
0-1: Ball
1-1: Ball
2-1: Ball
3-1: Fly out, F8 (Flyball, 8RXD, EV 89.4 MPH)
Runner from 2nd tags up, SAFE at 3rd, no throw by CF
Batting: RHB Juan Gallegos 0-0: Grounds into double play, 4-6-3 (Groundball, 4, EV 103.1 MPH)
Bottom of the 1st over - 1 run, 3 hits, 0 errors, 1 left on base; Houston 0 - Tijuana 1
TOP OF THE 2ND
Houston Colt .45's batting - Pitching for Tijuana Toros : LHP Randy Dupuis
Batting: RHB Yoshitoshi Mori 0-0: Ball
1-0: Foul Ball, location: 2F
1-1: Called Strike
1-2: Ball
2-2: Foul Ball, location: 2F
2-2: Ball
3-2: Strikes out swinging
Batting: RHB Kieron Clark 0-0: Foul Ball, location: 2F
0-1: Swinging Strike
0-2: Ball
1-2: Ball
2-2: Foul Ball, location: 2F
2-2: Fly out, F8 (Line Drive, 8RD, EV 89.4 MPH)
Batting: RHB Keith Goodwin 0-0: Called Strike
0-1: Swinging Strike
0-2: Strikes out looking
Top of the 2nd over - 0 runs, 0 hits, 0 errors, 0 left on base; Houston 0 - Tijuana 1
BOTTOM OF THE 2ND
Tijuana Toros batting - Pitching for Houston Colt .45's : RHP Jaquan Alston
Batting: RHB Brad Brady 0-0: Called Strike
0-1: Fly out, F8 (Flyball, 8LM, EV 80.6 MPH)
Batting: RHB Francisco de la Cruz 0-0: Called Strike
0-1: Swinging Strike
0-2: Ball
1-2: Foul Ball, location: 2F
1-2: Ball
2-2: Ground out 6-3 (Groundball, 6, EV 90.0 MPH)
Batting: RHB Carlos Gonzalez 0-0: Called Strike
0-1: Ball
1-1: Ball
2-1: Foul Ball, location: 2F
2-2: Fly out, F7 (Flyball, 78XD, EV 85.0 MPH)
Bottom of the 2nd over - 0 runs, 0 hits, 0 errors, 0 left on base; Houston 0 - Tijuana 1
TOP OF THE 3RD
Houston Colt .45's batting - Pitching for Tijuana Toros : LHP Randy Dupuis
Batting: RHB Omar Amaya 0-0: Called Strike
0-1: Ball
1-1: Ground out 4-3 (Groundball, 4M, EV 106.2 MPH)
Batting: RHB Xavier Castaneda 0-0: Called Strike
0-1: Foul Ball, location: 2F
0-2: Foul Ball, location: 2F
0-2: Ball
1-2: Strikes out swinging
Batting: RHB Drew Coleman 0-0: Ground out 1-3 (Groundball, 15, EV 70.0 MPH)
Top of the 3rd over - 0 runs, 0 hits, 0 errors, 0 left on base; Houston 0 - Tijuana 1
BOTTOM OF THE 3RD
Tijuana Toros batting - Pitching for Houston Colt .45's : RHP Jaquan Alston
Batting: RHB Riemer de Jonge 0-0: Swinging Strike
0-1: Ball
1-1: Swinging Strike
1-2: Strikes out swinging
Batting: SHB Dave Reynoso 0-0: SINGLE (Groundball, 6MD, EV 103.1 MPH)
Batting: LHB Jay Fenderson 0-0: Called Strike
0-1: Ball
1-1: Ball
2-1: Ball
3-1: Grounds into double play, 3-6-3 (Groundball, 3, EV 82.5 MPH)
Bottom of the 3rd over - 0 runs, 1 hit, 0 errors, 0 left on base; Houston 0 - Tijuana 1
TOP OF THE 4TH
Houston Colt .45's batting - Pitching for Tijuana Toros : LHP Randy Dupuis
Batting: RHB Nick Deegan 0-0: Ground out 5-3 (Groundball, 56S, EV 82.5 MPH)
Batting: LHB Josh Corkery 0-0: Swinging Strike
0-1: Ball
1-1: Ball
2-1: Ball
3-1: Base on Balls
Batting: LHB Jackson Trottier 0-0: Ball
Josh Corkery steals 2nd base
1-0: Called Strike
1-1: Swinging Strike
1-2: Ball
2-2: Fly out, F8 (Flyball, 78S, EV 90.6 MPH)
Batting: RHB Yoshitoshi Mori 0-0: Swinging Strike
0-1: Called Strike
0-2: Ball
1-2: Foul Ball, location: 2F
1-2: Fly out, F8 (Flyball, 8RD, EV 89.4 MPH)
Top of the 4th over - 0 runs, 0 hits, 0 errors, 1 left on base; Houston 0 - Tijuana 1
BOTTOM OF THE 4TH
Tijuana Toros batting - Pitching for Houston Colt .45's : RHP Jaquan Alston
Batting: LHB Cory Bowler 0-0: Ball
1-0: Ball
2-0: Ball
3-0: Called Strike
3-1: Called Strike
3-2: Fly out, F7 (Flyball, 7, EV 93.8 MPH)
Batting: LHB Fernão Manta 0-0: Ball
1-0: Foul Ball, location: 2F
1-1: Ball
2-1: Fly out, F9 (Flyball, 9LS, EV 76.2 MPH)
Batting: RHB Juan Gallegos 0-0: Called Strike
0-1: Ground out U3 (Groundball, 3S, EV 84.4 MPH)
Bottom of the 4th over - 0 runs, 0 hits, 0 errors, 0 left on base; Houston 0 - Tijuana 1
TOP OF THE 5TH
Houston Colt .45's batting - Pitching for Tijuana Toros : LHP Randy Dupuis
Batting: RHB Kieron Clark 0-0: Ball
1-0: Ball
2-0: Called Strike
2-1: Ball
3-1: Ground out 5-3 (Groundball, 5S, EV 57.5 MPH)
Batting: RHB Keith Goodwin 0-0: Ball
1-0: Ball
2-0: Ball
3-0: Base on Balls
Batting: RHB Omar Amaya 0-0: Ball
1-0: Swinging Strike
1-1: Fly out, F3 (Popup, 3SF, EV 71.2 MPH)
Batting: RHB Xavier Castaneda 0-0: Ball
1-0: Foul Ball, location: 2F
1-1: Ball
2-1: Fly out, F8 (Flyball, 78D, EV 96.2 MPH)
Top of the 5th over - 0 runs, 0 hits, 0 errors, 1 left on base; Houston 0 - Tijuana 1
BOTTOM OF THE 5TH
Tijuana Toros batting - Pitching for Houston Colt .45's : RHP Jaquan Alston
Batting: RHB Brad Brady 0-0: Swinging Strike
0-1: Ball
1-1: Swinging Strike
1-2: Strikes out looking
Batting: RHB Francisco de la Cruz 0-0: Foul Ball, location: 2F
0-1: Called Strike
0-2: Ball
1-2: Ball
2-2: Foul Ball, location: 2F
2-2: Foul Ball, location: 2F
2-2: Ball
3-2: DOUBLE (Line Drive, 8LXD, EV 105.0 MPH)
Batting: RHB Carlos Gonzalez 0-0: Swinging Strike
0-1: Foul Ball, location: 2F
0-2: Fly out, F9 (Flyball, 9D, EV 98.1 MPH)
Batting: RHB Riemer de Jonge 0-0: Ball
1-0: Ball
2-0: DOUBLE (Line Drive, 8RD, EV 96.2 MPH)
Francisco de la Cruz scores
Batting: SHB Dave Reynoso 0-0: Foul Ball, location: 2F
0-1: Fly out, F8 (Flyball, 8LD, EV 91.2 MPH)
Bottom of the 5th over - 1 run, 2 hits, 0 errors, 1 left on base; Houston 0 - Tijuana 2
TOP OF THE 6TH
Houston Colt .45's batting - Pitching for Tijuana Toros : LHP Randy Dupuis
Batting: RHB Drew Coleman 0-0: Ball
1-0: Called Strike
1-1: Called Strike
1-2: Strikes out swinging
Batting: RHB Nick Deegan 0-0: Reached via error on a dropped throw from 1B, E1 (Groundball, 34, EV 78.8 MPH)
Batting: LHB Josh Corkery 0-0: Called Strike
0-1: Fly out, F4 (Popup, 34D, EV 64.4 MPH)
Batting: LHB Jackson Trottier 0-0: SINGLE (Flyball, 78S, EV 90.0 MPH)
Nick Deegan to second
Batting: RHB Yoshitoshi Mori 0-0: Foul Ball, location: 2F
0-1: Ball
1-1: Foul Ball, location: 2F
1-2: Fly out, F4 (Flyball, 4D, EV 96.2 MPH)
Top of the 6th over - 0 runs, 1 hit, 1 error, 2 left on base; Houston 0 - Tijuana 2
BOTTOM OF THE 6TH
Tijuana Toros batting - Pitching for Houston Colt .45's : RHP Jaquan Alston
Batting: LHB Jay Fenderson 0-0: Ball
1-0: Called Strike
1-1: Foul Ball, location: 2F
1-2: Ground out 6-3 (Groundball, 4M, EV 85.0 MPH)
Pitching: RHP Greg Otto
Batting: LHB Cory Bowler 0-0: Fly out, F8 (Line Drive, 8RM, EV 90.0 MPH)
Batting: LHB Fernão Manta 0-0: Called Strike
0-1: Ball
1-1: Swinging Strike
1-2: Strikes out swinging
Bottom of the 6th over - 0 runs, 0 hits, 0 errors, 0 left on base; Houston 0 - Tijuana 2
TOP OF THE 7TH
Houston Colt .45's batting - Pitching for Tijuana Toros : LHP Randy Dupuis
Batting: RHB Kieron Clark 0-0: Ball
1-0: Ball
2-0: DOUBLE (Flyball, 8RD, EV 108.8 MPH)
Batting: RHB Keith Goodwin 0-0: Called Strike
0-1: Ball
1-1: Ground out 5-3 (Groundball, 5L, EV 80.6 MPH)
Batting: RHB Omar Amaya 0-0: Ball
1-0: Foul Ball, location: 2F
1-1: SINGLE (Groundball, 13S, EV 69.4 MPH) (infield hit)
Kieron Clark to third
Batting: RHB Xavier Castaneda 0-0: Foul Ball, location: 2F
0-1: Called Strike
0-2: Ball
1-2: Ball
2-2: Fielders Choice at 2nd, 4-6 (Groundball, 4D, EV 103.8 MPH)
Kieron Clark scores
Pitching: RHP Jim Jardine
Batting: RHB Drew Coleman 0-0: Ball
Xavier Castaneda steals 2nd base
1-0: Foul Ball, location: 2F
1-1: Ball
2-1: Fly out, F7 (Flyball, 7LM, EV 76.9 MPH)
Top of the 7th over - 1 run, 2 hits, 0 errors, 1 left on base; Houston 1 - Tijuana 2
BOTTOM OF THE 7TH
Tijuana Toros batting - Pitching for Houston Colt .45's : RHP Greg Otto
Batting: RHB Juan Gallegos 0-0: Ball
1-0: Ball
2-0: Called Strike
2-1: Foul Ball, location: 2F
2-2: Ball
3-2: Foul Ball, location: 2F
3-2: Ground out 4-3 (Groundball, 4, EV 84.4 MPH)
Batting: RHB Brad Brady 0-0: Ball
1-0: Ball
2-0: Ball
3-0: Called Strike
3-1: Called Strike
3-2: Base on Balls
Batting: RHB Francisco de la Cruz 0-0: Ball
1-0: Ball
2-0: Ball
3-0: Called Strike
3-1: Base on Balls
Brad Brady to second
Pitching: RHP Devin Spears
Batting: RHB Carlos Gonzalez 0-0: Ball
1-0: Fly out, F7 (Flyball, 78M, EV 97.5 MPH)
Batting: RHB Riemer de Jonge 0-0: Ground out 4-3 (Groundball, 34, EV 97.5 MPH)
Bottom of the 7th over - 0 runs, 0 hits, 0 errors, 2 left on base; Houston 1 - Tijuana 2
TOP OF THE 8TH
Houston Colt .45's batting - Pitching for Tijuana Toros : RHP Jim Jardine
Pitching: RHP Jason Baldwin
Batting: RHB Nick Deegan 0-0: Ball
1-0: Called Strike
1-1: Ball
2-1: Swinging Strike
2-2: Ball
3-2: Foul Ball, location: 2F
3-2: Foul Ball, location: 2F
3-2: Foul Ball, location: 2F
3-2: SINGLE (Groundball, 56D, EV 102.5 MPH)
Batting: LHB Josh Corkery 0-0: Ball
1-0: Ball
2-0: Swinging Strike
2-1: Swinging Strike
2-2: Ball
3-2: 2-RUN HOME RUN (Line Drive, 89XD, EV 100.0 MPH), Distance : 407 ft
Batting: LHB Jackson Trottier 0-0: Called Strike
0-1: Ball
1-1: Ball
2-1: Ball
3-1: Foul Ball, location: 2F
3-2: Base on Balls
Batting: RHB Yoshitoshi Mori 0-0: Ball
1-0: Grounds into double play, 5-4-3 (Groundball, 56, EV 99.4 MPH)
Batting: RHB Kieron Clark 0-0: Foul Ball, location: 2F
0-1: Called Strike
0-2: SINGLE (Flyball, 89M, EV 94.4 MPH)
Pitching: RHP Adam Maczko
Batting: RHB Keith Goodwin 0-0: Called Strike
0-1: Ball
1-1: Foul Ball, location: 2F
1-2: Ball
2-2: Foul Ball, location: 2F
2-2: Foul Ball, location: 2F
2-2: Ball
3-2: Base on Balls
Kieron Clark to second
Batting: RHB Omar Amaya 0-0: Ball
1-0: Ball
2-0: Ball
3-0: Base on Balls
Kieron Clark to third
Keith Goodwin to second
Batting: RHB Xavier Castaneda 0-0: Ball
1-0: Ball
2-0: Foul Ball, location: 2F
2-1: Swinging Strike
2-2: Fly out, F7 (Flyball, 7S, EV 91.9 MPH)
Top of the 8th over - 2 runs, 3 hits, 0 errors, 3 left on base; Houston 3 - Tijuana 2
BOTTOM OF THE 8TH
Tijuana Toros batting - Pitching for Houston Colt .45's : RHP Devin Spears
Batting: SHB Dave Reynoso 0-0: Foul Ball, location: 2F
0-1: Called Strike
0-2: Ball
1-2: Ball
2-2: Fly out, F7 (Flyball, 7LM, EV 95.0 MPH)
Batting: LHB Jay Fenderson 0-0: Called Strike
0-1: SINGLE (Groundball, 34D, EV 103.1 MPH)
Batting: LHB Cory Bowler 0-0: Ball
1-0: Called Strike
1-1: Fly out, F8 (Flyball, 8RS, EV 98.1 MPH)
Batting: LHB Fernão Manta 0-0: Foul Ball, location: 2F
0-1: Swinging Strike
0-2: Strikes out swinging
Bottom of the 8th over - 0 runs, 1 hit, 0 errors, 1 left on base; Houston 3 - Tijuana 2
TOP OF THE 9TH
Houston Colt .45's batting - Pitching for Tijuana Toros : RHP Adam Maczko
Pitching: RHP Tommy Hunter
Batting: RHB Drew Coleman 0-0: Ball
1-0: Ball
2-0: Called Strike
2-1: Foul Ball, location: 2F
2-2: Ball
3-2: Foul Ball, location: 2F
3-2: Fly out, F2 (Popup, 5SF, EV 83.8 MPH)
Batting: RHB Nick Deegan 0-0: Foul Ball, location: 2F
0-1: Hit by Pitch
Batting: LHB Josh Corkery 0-0: Called Strike
0-1: Ball
1-1: Ball
2-1: Ball
3-1: Base on Balls
Nick Deegan to second
Batting: LHB Jackson Trottier 0-0: Ball
1-0: Foul Ball, location: 2F
1-1: Fly out, F9 (Flyball, 9, EV 75.6 MPH)
Batting: RHB Yoshitoshi Mori 0-0: SINGLE (Line Drive, 9S, EV 108.8 MPH)
Nick Deegan to third
Josh Corkery to second
Pitching: RHP Makoto Narita
Batting: RHB Kieron Clark 0-0: Called Strike
0-1: Foul Ball, location: 2F
0-2: Ground out U3 (Groundball, 3, EV 108.1 MPH)
Top of the 9th over - 0 runs, 1 hit, 0 errors, 3 left on base; Houston 3 - Tijuana 2
BOTTOM OF THE 9TH
Tijuana Toros batting - Pitching for Houston Colt .45's : RHP Devin Spears
Pitching: RHP Matt Doherty
Pinch Hitting: SHB Jesus Gomez 0-0: Fly out, F7 (Flyball, 7, EV 76.9 MPH)
Batting: RHB Brad Brady 0-0: Ball
1-0: Ball
2-0: SINGLE (Groundball, 6D, EV 100.6 MPH)
Batting: RHB Francisco de la Cruz 0-0: Called Strike
0-1: Swinging Strike
0-2: Ball
1-2: Grounds into double play, 5-4-3 (Groundball, 5, EV 96.9 MPH)
Bottom of the 9th over - 0 runs, 1 hit, 0 errors, 0 left on base; Houston 3 - Tijuana 2
Wednesday, June 22nd , 2022 - OOTP Baseball 23.4 Build 64